 Dungeon Crawl Stone Soup version 0.27-a0-1116-g91b3acb402 (webtiles) character file.

Game seed: 9093352347774031893

120 TODO the Grave Robber (level 4, -9/30 HPs)
             Began as a Demonspawn Necromancer on May 2, 2021.
             Mangled by a gnoll
             ... wielding a +0 flail
              (10 damage)
             ... on level 3 of the Dungeon.
             The game lasted 00:05:57 (2494 turns).

TODO the Grave Robber (Demonspawn Necromancer)      Turns: 2494, Time: 00:05:58

Health: -9/30      AC:  3    Str:  8    XL:     4   Next: 75%
Magic:  0/9        EV: 12    Int: 17    God:
Gold:   106        SH:  0    Dex: 14    Spells: 6/10 levels left

rFire    . . .     SeeInvis .   d - +0 short sword
rCold    . . .     Faith    .   (no shield)
rNeg     . . .     Spirit   .   a - +1 robe
rPois    .         Reflect  .   (no helmet)
rElec    .         Harm     .   (no cloak)
rCorr    .         Rampage  .   (no gloves)
Will     .....                  (no boots)
Stlth    ++........             (no amulet)
HPRegen  0.10/turn              (no ring)
MPRegen  0.11/turn              (no ring)

@: very slightly contaminated, invisible
A: hooves 1, spiny 1
a: no special abilities


You were on level 3 of the Dungeon.
You visited 1 branch of the dungeon, and saw 4 of its levels.

You collected 106 gold pieces.

Inventory:

Hand Weapons
 d - a +0 short sword (weapon)
Missiles
 e - 7 javelins
 f - 11 poisoned darts
Armour
 a - a +1 robe (worn)
Magical Staves
 i - a staff of earth
Scrolls
 j - a scroll of identify
Potions
 b - 2 potions of cancellation
 c - a potion of lignification


   Skills:
 - Level 1.7 Dodging
 - Level 1.7 Stealth
 + Level 3.5 Spellcasting
 + Level 5.7 Necromancy


You had 6 spell levels left.
You knew the following spells:

 Your Spells              Type           Power      Damage    Failure   Level
a - Pain                  Necr           88%        1d8       1%          1
b - Vampiric Draining     Necr           11%        2d7       4%          3

Your spell library contained the following spells:

 Spells                   Type           Power      Damage    Failure   Level
 Animate Skeleton         Necr           44%        N/A       1%          1
 Animate Dead             Necr           11%        N/A       16%         4
 Agony                    Necr           22%        N/A       41%         5


Dungeon Overview and Level Annotations

Branches:
Dungeon (4/15)
 Temple: D:4-7

Altars:

Annotations:
D:4 Ijyb


Innate Abilities, Weirdness & Mutations

You have large cloven feet.
You are partially covered in sharp spines.


Message History

Aiming: Pain (safe; 1% risk of failure)
Press: ? - help, Shift-Dir - straight line, f - gnoll
Aim: a gnoll, wielding a +0 whip and carrying a wand of digging (4) (severely wounded, chance to affect: 86%)
The gnoll writhes in agony.
You kill the gnoll!
Unknown command.
Casting: Pain (safe; 1% risk of failure)
Confirm with . or Enter, or press ? or * to list all spells.
Aiming: Pain (safe; 1% risk of failure)
Press: ? - help, Shift-Dir - straight line, f - gnoll
Aim: a gnoll, wielding a +0 flail (chance to affect: 87%)
The gnoll writhes in agony!
The gnoll closely misses you.
Casting: Pain (safe; 1% risk of failure)
Confirm with . or Enter, or press ? or * to list all spells.
Aiming: Pain (safe; 1% risk of failure)
Press: ? - help, Shift-Dir - straight line, f/p - gnoll
Aim: a gnoll, wielding a +0 flail (severely wounded, chance to affect: 87%)
The gnoll writhes in agony.
You kill the gnoll!
Unknown command.
Casting: Pain (safe; 1% risk of failure)
Confirm with . or Enter, or press ? or * to list all spells.
Aiming: Pain (safe; 1% risk of failure)
Press: ? - help, Shift-Dir - straight line, f - gnoll
Aim: a gnoll, wielding a +0 flail (lightly wounded, chance to affect: 87%)
The gnoll writhes in agony.
The gnoll is struck by your spines. The gnoll closely misses you.
Casting: Pain (safe; 1% risk of failure)
Confirm with . or Enter, or press ? or * to list all spells.
Aiming: Pain (safe; 1% risk of failure)
Press: ? - help, Shift-Dir - straight line, f/p - gnoll
Aim: a gnoll, wielding a +0 flail (heavily wounded, chance to affect: 87%)
The gnoll barely resists.
The gnoll closely misses you.
Casting: Pain (safe; 1% risk of failure)
Confirm with . or Enter, or press ? or * to list all spells.
Aiming: Pain (safe; 1% risk of failure)
Press: ? - help, Shift-Dir - straight line, f/p - gnoll
Aim: a gnoll, wielding a +0 flail (heavily wounded, chance to affect: 87%)
The gnoll writhes in agony.
The gnoll hits you with a +0 flail!
You die...

### #.# #.# ##########.#
#..........#
#..........###### ####
#............gg@# .....#
#..........####.........##
######........#####>.......
##........#............
#......................
#......................
#......................
#......................
#.....>...........)....


You could see a gnoll and a hobgoblin.

Vanquished Creatures
  4 gnolls
  3 adders (D:2)
  A worm (D:2)
  A dart slug (D:1)
  An orc (D:3)
  4 bats
  6 endoplasms
  4 goblins
  5 hobgoblins
  4 jackals
  2 quokkas (D:1)
  5 ball pythons
  2 frilled lizards (D:1)
  4 kobolds
  5 rats
51 creatures vanquished.

Notes
Turn   | Place    | Note
-------+----------+-------------------------------------------
     0 | D:1      | TODO the Demonspawn Necromancer began the quest for the
                  | Orb.
     0 | D:1      | Reached XP level 1. HP: 13/13 MP: 3/3
   312 | D:1      | Gained mutation: You have large cloven feet. [demonic
                  | ancestry]
   312 | D:1      | Reached XP level 2. HP: 16/19 MP: 1/5
   785 | D:1      | Reached skill level 5 in Necromancy
   785 | D:1      | Gained mutation: You are partially covered in sharp spines.
                  | [demonic ancestry]
   785 | D:1      | Reached XP level 3. HP: 20/24 MP: 1/7
  1689 | D:2      | Learned a level 3 spell: Vampiric Draining
  1797 | D:2      | Reached XP level 4. HP: 27/30 MP: 4/8
  1899 | D:2      | Found a faded altar of an unknown god.
  2266 | D:2      | You fall into a shaft and drop 2 floors!
  2273 | D:4      | Noticed Ijyb
  2478 | D:3      | HP: 1/30 [gnoll/+0 flail (11)]
  2494 | D:3      | Mangled by a gnoll

Illustrated notes

Levels and vault maps discovered:
D:1:      sevenhm_arrival_forest_fort_large_1, layout_loops_ring
D:2:      layout_basic, chequers_ecumenical_altar_simple_redux, basic_altar,
          serial_rivers, chequers_serial_rivers_micro_c,
          chequers_serial_rivers_large_a, chequers_serial_rivers_micro_a,
          chequers_serial_rivers_micro_e, chequers_serial_rivers_micro_c,
          minivault_24
D:3:      layout_rooms, minmay_ruptured
D:4:      layout_cave_pools, nicolae_uskayaw_murder_on_the_dancefloor,
          minmay_temple_entry_antechambers, serial_forest,
          infiniplex_forest_clump_long, infiniplex_forest_clump_small,
          infiniplex_forest_lined_1, infiniplex_forest_lined_3,
          infiniplex_forest_lined_2, infiniplex_forest_straight_2,
          infiniplex_forest_lined_1, infiniplex_forest_lined_4_way,
          lightli_corner_chamber, uniq_ijyb

Skill      XL: |  1  2  3 |
---------------+----------+-----
Necromancy     | 5 |  5.7
Spellcasting   | 3 |  3.5
Dodging        | |  1.7
Stealth        | |  1.7

Action                   |  1- 3 |  4- 6 || total
-------------------------+-------+-------++-------
Melee: Short sword       |    12 |     2 ||    14
       Kick              |     4 |     1 ||     5
       Unarmed           |     2 |       ||     2
 Cast: Pain              |    64 |    28 ||    92
  Use: Scroll            |     3 |     3 ||     6
       Potion            |       |     2 ||     2
Armor: Robe              |     3 |       ||     3
Dodge: Dodged            |    15 |     8 ||    23

Table legend: (Time is in decaauts)
 A = Elapsed time spent in this place.
 B = Non-inter-level travel time spent in this place.
 C = Inter-level travel time spent in this place.
 D = Time resting spent in this place.
 E = Time spent auto-exploring this place.
 F = Levels seen in this place.
 G = Mean time per level.
                   A        B        C        D        E       F      G
               +--------+--------+--------+--------+--------+-----+--------+
         Total |   2506 |   2428 |     78 |    150 |   1942 |   4 |  626.5 |
       Dungeon |   2506 |   2428 |     78 |    150 |   1942 |   4 |  626.5 |
               +--------+--------+--------+--------+--------+-----+--------+

Top non-repeatable levels by time:
     D:1: 1319 daAuts
     D:2: 959 daAuts
     D:3: 215 daAuts
     D:4: 11 daAuts
